 Dungeon Crawl Stone Soup version 0.32-a0-520-g344ed53f66 (webtiles) character file.

Game seed: 9988808508700821987

126 IdlyInterested the Trooper (level 4, -1/38 HPs)
             Began as a Demonspawn Fighter on Feb 27, 2024.
             Slain by an orc
             ... wielding a +1 flail of venom
              (3 damage)
             ... on level 4 of the Dungeon.
             The game lasted 00:06:46 (3026 turns).

IdlyInterested the Trooper (Demonspawn Fighter)     Turns: 3026, Time: 00:06:48

Health: -1/38      AC:  6    Str: 19    XL:     4   Next: 84%
Magic:  4/4        EV:  9    Int:  8    God:
Gold:   33         SH:  4    Dex: 12    Spells: 3/3 levels left

rFire   . . .        a - +0 flail
rCold   . . .        c - +0 buckler
rNeg    . . .        b - +0 scale mail
rPois   .            (no helmet)
rElec   .            (no cloak)
rCorr   .            (no gloves)
SInv    .            (no boots)
Will    .....        (no amulet) Stlth
                     (no ring)
HPRegen 0.26/turn    (no ring)
MPRegen 0.18/turn

%: no passive effects
@: lethally poisoned (-1 -> -18)
A: magic regeneration, weakness stinger 2
a: Convert to Beogh


You were on level 4 of the Dungeon.
You visited 1 branch of the dungeon, and saw 4 of its levels.

You collected 113 gold pieces.
You spent 80 gold pieces at shops.

Inventory:

Hand Weapons
 a - a +0 flail (weapon)
 e - a +0 short sword of electrocution
 m - a +2 dagger of speed
 p - a +0 short sword
 x - a +0 flail
Missiles
 k - 16 stones (quivered)
 w - 6 boomerangs
 A - 6 poisoned darts
Armour
 b - a +0 scale mail (worn)
 c - a +0 buckler (worn)
Talismans
 r - a flux talisman
Wands
 y - a wand of warping (4)
Scrolls
 f - 2 scrolls of identify
 h - a scroll of silence
 i - a scroll of blinking
 j - 2 scrolls of teleportation
 n - a scroll of vulnerability
 u - a scroll of poison
 B - a scroll of enchant armour {unknown}
Potions
 d - a potion of might
 g - 2 potions of berserk rage {unknown}
 l - 2 potions of curing
 o - 2 potions of haste {unknown}
 q - a potion of lignification {unknown}
 s - 2 potions of enlightenment
 t - a potion of brilliance {unknown}
 v - a potion of resistance {unknown}
 z - a potion of ambrosia {unknown}


   Skills:
 + Level 4.5 Fighting
 - Level 2.0 Maces & Flails
 - Level 1.0 Throwing
 - Level 3.0 Armour
 - Level 1.0 Dodging
 - Level 1.0 Stealth
 - Level 3.0 Shields
 + Level 0.0 Spellcasting


You had 3 spell levels left.
You didn't know any spells.
Your spell library contained the following spells:

 Spells                   Type           Power      Damage    Failure   Level
 Summon Ice Beast         Ice/Summ       0%         N/A       99%         3
 Tukima's Dance           Hex            0%         N/A       99%         3
 Passage of Golubria      Tloc           0%         N/A       100%        4
 Vhi's Electric Charge    Tloc/Air       0%         N/A       100%        4
 Arcjolt                  Conj/Air       0%         1d10      100%        5
 Summon Mana Viper        Hex/Summ       0%         N/A       100%        5
 Yara's Violent Unravell  Hex/Alch       0%         3d3       100%        5
 Monstrous Menagerie      Summ           0%         N/A       100%        7
 Maxwell's Capacitive Co  Air            0%         ∞         100%        8


Dungeon Overview and Level Annotations

Branches:
Dungeon (4/15)
 Temple: D:4-7

Altars:
Fedhas
Nemelex Xobeh

Shops:
D:1 !


Innate Abilities, Weirdness & Mutations

You regenerate magic rapidly.
You have a tail ending in a sharp stinger.


Message History

Training target 1.0 for Stealth reached!
Your Stealth skill increases to level 1!
Things that are here:
a +0 club; a goblin corpse You see here a +0 whip.
You open the large door.
There is a large open door here.
There is a large open door here.
You open the door.
An orc priest comes into view. It is wielding a +4 dagger.
The orc priest shouts!
An orc comes into view. It is wielding a +1 flail of venom.
You open the door.
The orc shouts!
You hear a shout!
An orc comes into view. It is wielding a +0 dagger.
The orc priest invokes the aid of Beogh against you.
Beogh smites you!
There is an open door here.
There is an open door here.
The orc hits you with a +1 flail of venom.
You are poisoned.
You hit the orc.
The orc is lightly wounded.
You feel sick.
The orc hits you with a +1 flail of venom.
You are more poisoned.
You barely miss the orc.
The orc is lightly wounded.
You feel very sick. The orc closely misses you.
The orc hits you with a +1 flail of venom.
* * * LOW HITPOINT WARNING * * *
You are more poisoned.
You closely miss the orc.
You tail-slap the orc, but do no damage.
The orc is lightly wounded.
* * * LOW HITPOINT WARNING * * *
You feel extremely sick.
The orc hits you with a +1 flail of venom.
You die...

##..................)##.##.
#.................†.....##
##........................
#.#......................
#.#.............#........ #
#....##....####.......#
##..>...##...##########
####..o#####...##........
.......oo@..'...''........
........#####...##........
........# #...##........
........# #...##........
........# ######........
........# #########
........# ####...


You could see an orc priest and 2 orcs.

Vanquished Creatures
  An orc priest (D:3)
  2 adders
  A dart slug (D:1)
  2 ribbon worms
  3 orcs
  5 bats
  9 endoplasms
  6 goblins
  8 hobgoblins
  4 jackals (D:1)
  6 kobolds
  10 ball pythons
  5 frilled lizards
  3 rats
65 creatures vanquished.

Notes
Turn   | Place    | Note
-------+----------+-------------------------------------------
     0 | D:1      | IdlyInterested the Demonspawn Fighter began the quest for
                  | the Orb.
     0 | D:1      | Reached XP level 1. HP: 18/18 MP: 1/1
   255 | D:1      | Gained mutation: You regenerate magic rapidly. [demonic
                  | ancestry]
   255 | D:1      | Reached XP level 2. HP: 20/24 MP: 2/2
   749 | D:1      | Found Wilol's Distillery.
   908 | D:1      | Bought a potion of curing for 30 gold pieces
   989 | D:2      | Gained mutation: You have a small tail. [demonic ancestry]
   989 | D:2      | Reached XP level 3. HP: 30/30 MP: 3/3
  1243 | D:2      | Reached skill level 1 in Dodging
  1934 | D:3      | Reached skill level 4 in Fighting
  1949 | D:3      | Reached skill level 1 in Throwing
  2226 | D:3      | Gained mutation: You have a tail ending in a sharp stinger.
                  | [demonic ancestry]
  2226 | D:3      | Reached XP level 4. HP: 37/37 MP: 4/4
  2504 | D:3      | Found a blossoming altar of Fedhas.
  2709 | D:1      | Bought a potion of enlightenment for 50 gold pieces
  2950 | D:4      | Found a sparkling altar of Nemelex Xobeh.
  2975 | D:4      | Reached skill level 1 in Stealth
  3026 | D:4      | Slain by an orc

Illustrated notes

Levels and vault maps discovered:
D:1:      ncdulo_watergridlock, layout_loops_corners, serial_shops, shop
D:2:      layout_basic, minmay_fractal_squares_gapless_5
D:3:      layout_loops_ring, fedhas_altar_4, serial_rivers,
          chequers_serial_rivers_small_b, chequers_serial_rivers_micro_b,
          chequers_serial_rivers_marsh, chequers_serial_rivers_micro_e
D:4:      layout_basic, nemelex_dance_club_becter

Skill      XL: |  1  2  3  4 |
---------------+-------------+-----
Maces & Flails | 2 |  2.0
Armour         | 3 |  3.0
Dodging        | 1 |  1.0
Fighting       | 4 |  4.5
Throwing       | 1 |  1.0
Shields        | 3 |  3.0
Stealth        | 1 |  1.0

Action                     |  1- 3 |  4- 6 || total
---------------------------+-------+-------++-------
  Melee: Flail             |   152 |    51 ||   203
         Tailslap          |     9 |     7 ||    16
    Use: Scroll            |     5 |       ||     5
 Armour: Scale mail        |   135 |    38 ||   173
  Dodge: Dodged            |    71 |    19 ||    90
  Block: Buckler           |    38 |     9 ||    47

Table legend: (Time is in decaauts)
 A = Elapsed time spent in this place.
 B = Non-inter-level travel time spent in this place.
 C = Inter-level travel time spent in this place.
 D = Time resting spent in this place.
 E = Time spent auto-exploring this place.
 F = Levels seen in this place.
 G = Mean time per level.
                   A        B        C        D        E       F      G
               +--------+--------+--------+--------+--------+-----+--------+
         Total |   3098 |   2832 |    266 |    210 |   2004 |   4 |  774.5 |
       Dungeon |   3098 |   2832 |    266 |    210 |   2004 |   4 |  774.5 |
               +--------+--------+--------+--------+--------+-----+--------+

Top non-repeatable levels by time:
     D:1: 1003 daAuts
     D:3: 996 daAuts
     D:2: 826 daAuts
     D:4: 271 daAuts
